Map: 2000 애트모스피어 - 래더

Players

Prince

  • Race: Protoss Protoss
  • League: Grandmaster

Bunny - Winner!

  • Race: Terran Terran

Event: DreamHack SC2 Masters Last Chance 2022

VOD

Have the link to the VOD?

Description

Time

  • Played on: Dec. 15, 2021, 5:18 a.m.
  • Length: 7:27

All games in this series

Show
View Real Time Build Order
Export as new Build Order

Prince Protoss 

Build Orders: 1 Gate Expand, Oracle Opening 

Get SALT Encoding   

  12  0:00  Probe  
  13  0:12  Probe  
  14  0:18  Pylon  
  14  0:24  Probe (Chrono Boost)  
  15  0:36  Gateway  
  15  0:37  Probe (Chrono Boost)  
  16  0:43  Probe (Chrono Boost)  
  16  0:45  Assimilator  
  17  0:52  Probe  
  18  1:04  Probe  
  19  1:17  Probe  
  20  1:25  Nexus  
  20  1:31  Cybernetics Core  
  20  1:35  Probe  
  21  1:43  Assimilator  
  21  1:46  Pylon  
  21  1:49  Probe  
  22  1:57  Pylon  
  22  2:02  Probe  
  22  2:06  Stalker (Chrono Boost)  
  23  2:14  Probe  
  26  2:24  Stargate  
  26  2:26  Probe  
  29  2:39  Probe (Chrono Boost)  
  29  2:41  Probe (Chrono Boost)  
  29  2:43  Warp Gate  
  31  2:50  Probe (Chrono Boost)  
  31  2:51  Probe (Chrono Boost)  
  33  2:54  Probe (Chrono Boost)  
  33  2:58  Probe  
  34  3:05  Probe  
  36  3:06  Oracle (Chrono Boost)  
  36  3:10  Probe  
  38  3:15  Stalker  
  38  3:17  Probe  
  41  3:25  Probe  
  42  3:29  Probe  
  42  3:32  Gateway  
  42  3:34  Gateway  
  43  3:37  Oracle (Chrono Boost)  
  43  3:39  Shield Battery  
  46  3:44  Shield Battery  
  43  3:49  Probe x2  
  45  4:02  Probe x2  
  47  4:06  Twilight Council, Pylon  
  47  4:14  Assimilator, Probe x2  
  49  4:26  Probe  
  49  4:27  Probe, Pylon  
  51  4:32  Stalker x3  
  55  4:38  Probe  
  55  4:39  Probe  
  55  4:43  Phoenix (Chrono Boost)  
  59  5:00  Blink (Chrono Boost)  
  59  5:01  Nexus  
  59  5:03  Pylon  
  59  5:07  Probe x2  
  61  5:28  Stalker x3  
  61  5:33  Probe x2  
  67  5:42  Forge  
  67  5:48  Probe x2  
  69  6:05  Probe x2  
  69  6:09  Gateway  
  69  6:10  Gateway  
  71  6:12  Gateway  
  71  6:13  Probe  
  71  6:17  Probe x2  
  74  6:20  Gateway  
  74  6:21  Gateway  
  74  6:22  Robotics Facility  
  72  6:25  Probe  
  72  6:29  Probe, Sentry x2  
  72  6:30  Sentry  
  80  6:35  Probe  
  77  6:40  Probe  
  77  6:41  Probe  
  76  6:47  Probe  
  76  6:52  Stalker x2  
  73  6:54  Probe x2  
  73  6:59  Probe  
  74  7:02  Stalker  
  74  7:03  Stalker  
  74  7:05  Zealot x2  
  74  7:06  Probe  
  72  7:18  Zealot x4  
Show
View Real Time Build Order
Export as new Build Order

Bunny Terran - Winner!

Build Orders:  

Get SALT Encoding   

  12  0:00  SCV  
  13  0:12  SCV  
  14  0:17  Supply Depot  
  14  0:24  SCV  
  15  0:38  SCV  
  15  0:39  Barracks  
  16  0:45  Refinery  
  16  0:51  SCV  
  17  1:03  SCV  
  18  1:04  Engineering Bay  
  18  1:16  SCV  
  19  1:27  Marine  
  19  1:28  Orbital Command  
  20  1:45  Command Center  
  20  1:48  Barracks Reactor  
  20  1:55  SCV  
  20  2:00  Supply Depot  
  21  2:07  SCV  
  22  2:11  Factory  
  22  2:19  SCV  
  23  2:25  Marine x2  
  25  2:31  SCV  
  26  2:38  Refinery  
  26  2:42  Marine  
  26  2:43  SCV, Marine  
  29  2:55  Starport, Hellion  
  29  2:56  SCV  
  32  2:59  Orbital Command  
  32  3:03  Marine  
  32  3:05  Marine  
  34  3:08  SCV  
  35  3:16  Widow Mine  
  35  3:19  Bunker  
  37  3:25  SCV  
  38  3:28  SCV  
  38  3:31  Medivac  
  41  3:38  Widow Mine  
  41  3:39  Supply Depot  
  43  3:42  SCV x2  
  43  3:45  Marine  
  43  3:47  Marine  
  46  3:59  Barracks  
  46  4:01  SCV x2, Barracks  
  48  4:03  Marine  
  48  4:04  Marine  
  48  4:05  Factory Tech Lab  
  48  4:06  Starport Tech Lab  
  50  4:13  SCV x2  
  48  4:25  SCV x2  
  48  4:28  Marine x2  
  48  4:37  SCV x2, Engineering Bay  
  50  4:44  Factory Reactor, Starport Reactor  
  50  4:49  SCV x2  
  54  4:53  Stimpack  
  54  4:54  Supply Depot  
  54  4:56  Supply Depot  
  52  5:01  SCV x2, Combat Shield  
  54  5:10  Refinery  
  54  5:15  Terran Infantry Weapons Level 1, Marine x4  
  54  5:20  SCV x2  
  60  5:24  Supply Depot  
  60  5:25  Medivac x2  
  60  5:28  Widow Mine  
  64  5:31  Widow Mine  
  64  5:33  Marine x2  
  64  5:34  SCV  
  67  5:35  SCV  
  67  5:38  Marauder  
  70  5:44  Marauder  
  70  5:46  SCV  
  70  5:47  Supply Depot, SCV  
  72  5:55  Medivac  
  71  6:02  Marine x2  
  71  6:03  Marauder  
  73  6:05  Marauder, Widow Mine  
  73  6:09  Widow Mine  
  73  6:11  SCV x2  
  78  6:19  Supply Depot  
  78  6:20  Concussive Shells  
  77  6:31  Marauder x2, Marine x2  
  81  6:49  Marine x2  
  81  6:52  Marauder  
  81  6:53  Marauder, Medivac  
  85  7:07  Marine x2  
  85  7:08  SCV x2  
  79  7:25  Command Center  

Tags
 
Add a new tag
Caveats
  • Supply blocks, unpowered buildings, or Contaminate may cause inaccurate times.
  • Supply counts are checked every 10 seconds.